 Dungeon Crawl Stone Soup version 0.29.0-11-gd7f09526c8 (webtiles) character file.

Game seed: 1622685872763733303

2468 doricub5 the Fighter (level 9, -1/89 HPs)
             Began as a Minotaur Berserker on Sept 3, 2022.
             Was an Elder of Trog.
             Slain by a killer bee (4 damage)
             ... on level 6 of the Dungeon.
             The game lasted 00:17:25 (7260 turns).

doricub5 the Fighter (Minotaur Berserker)           Turns: 7260, Time: 00:17:26

Health: -1/89      AC: 10    Str: 25    XL:     9   Next: 26%
Magic:  8/8        EV:  9    Int:  4    God:    Trog [****..]
Gold:   191        SH:  0    Dex: 11    Spells: 8/8 levels left

rFire   . . .      SeeInvis .   n - +4 morningstar (protect)
rCold   + . .      Faith    .   (no shield)
rNeg    . . .      Spirit   .   d - +0 chain mail
rPois   +          Reflect  .   (helmet restricted)
rElec   .          Harm     .   (no cloak)
rCorr   .          Rampage  .   (no gloves)
Will    ++...                   (no boots)
Stlth   ..........              (no amulet)
HPRegen 1.24/turn               c - ring of protection from cold
MPRegen 0.11/turn               (no ring)

@: lethally poisoned (-1 -> -2), strong-willed, regenerating
A: horns 2, retaliatory headbutt, deterioration 2, poison resistance, wild magic
1
a: Renounce Religion, Berserk, Trog's Hand, Brothers in Arms


You were on level 6 of the Dungeon.
You worshipped Trog.
Trog was greatly pleased with you.
You visited 1 branch of the dungeon, and saw 7 of its levels.

You collected 275 gold pieces.
You spent 84 gold pieces at shops.

Inventory:

Hand Weapons
 n - a +4 morningstar of protection (weapon)
 p - a +0 war axe
 v - a +3 flail of holy wrath
Missiles
 j - 9 javelins (quivered)
Armour
 d - a +0 chain mail (worn)
Jewellery
 c - a ring of protection from cold (left hand)
 o - a ring of fire
Wands
 f - a wand of mindburst (11)
 u - a wand of polymorph (10)
 w - a wand of light (11)
Scrolls
 a - a scroll of amnesia {unknown}
 b - a scroll of summoning
 g - 4 scrolls of teleportation
 k - 2 scrolls of vulnerability
 l - 2 scrolls of fear
 m - a scroll of magic mapping
 s - a scroll of blinking {unknown}
Potions
 e - 4 potions of curing
 h - a potion of ambrosia
 i - 3 potions of attraction
 q - 2 potions of lignification
 r - a potion of flight {unknown}
 t - a potion of degeneration {unknown}
 x - a potion of mutation


   Skills:
 * Level 11.1 Fighting
 - Level 4.9(6.4) Axes
 + Level 6.4(7.2) Maces & Flails
 + Level 7.9 Armour
 - Level 2.1 Dodging
 + Level 0.6 Evocations


You had 8 spell levels left.
You didn't know any spells.
Your spell library was empty.

Dungeon Overview and Level Annotations

Branches:
Dungeon (7/15)             Temple (0/1) D:5

Altars:
Cheibriados

Shops:
D:4 *


Innate Abilities, Weirdness & Mutations

You have a pair of horns on your head.
You reflexively headbutt those who attack you in melee.
Your body often deteriorates upon taking damage.
Your system is resistant to poisons. (rPois)
Your spells are a little harder to cast, but a little more powerful.


Message History

The killer bee stings you but does no damage.
You feel very sick. The killer bee stings you. x2
The killer bee attacks as you move away!
The killer bee barely misses you.
The killer bee attacks as you move away!
The killer bee stings you.
You feel very sick.
The killer bee stings you but does no damage. x2
The killer bee stings you!
* * * LOW HITPOINT WARNING * * *
There is a stone staircase leading up, spattered with blood here.
You feel very sick. The killer bee misses you.
The killer bee closely misses you. The killer bee barely misses you.
The killer bee completely misses you. The killer bee stings you.
* * * LOW HITPOINT WARNING * * *
The killer bee stings you but does no damage.
You climb upwards.
You feel very sick.
There is a stone staircase leading down here.
Your skin crawls.
You feel strong-willed.
You feel sick. The killer bee barely misses you. The killer bee stings you.
* * * LOW HITPOINT WARNING * * *
The killer bee stings you!
* * * LOW HITPOINT WARNING * * *
The killer bee barely misses you. x2; You furiously retaliate!
You headbutt the killer bee!
You kill the killer bee!
Trog accepts your kill. The killer bee barely misses you.
Okay, then.
Okay, then.
You miss the killer bee.
The killer bee is severely wounded.
You feel sick.
The killer bee stings you but does no damage. x2
The killer bee stings you.
You die...

##..####################.#.#####
##..#####.......................
#.......#.......................
##.####.#........#######.#.#####
#.# #.#...##.#.#### #.#.#....
#.# #.#...........# #.#.#.###
#.# #.###.........# #.#.#.###
#.####.###...y.†...####.#......
#.............@................
######.###...y.....####.###.##.
#.# #.........####.[...##. #.#
#.............#######. #.#
#.............## #.... #.#
#..............# #.### #.#
####...........# #.#
##.######...........# #.#
#..)...##...........# #.###


You could see 2 killer bees.

Vanquished Creatures
  Pikel (D:5)
  Menkaure (D:5)
  The ghost of mikeman1090 the Chiller, an amateur MfIE (D:4)
  Edmund (D:5)
  A sky beast (D:7)
  A black bear (D:4)
  An ogre (D:5)
  A centaur (D:5)
  Blork the orc (D:4)
  A kobold brigand (D:5)
  6 scorpions
  2 killer bees
  2 howler monkeys (D:7)
  2 jellies (D:4)
  4 orc priests
  Crazy Yiuf (D:6)
  2 hounds (D:6)
  4 iguanas
  Robin (D:2)
  7 adders
  2 white imps
  2 worms
  The ghost of blackman the Sneak, a weakling DsDe (D:5)
  5 dart slugs
  27 orcs
  9 endoplasms
  3 giant cockroaches
  15 goblins
  14 hobgoblins
  18 jackals
  4 quokkas
  6 ball pythons
  5 bats
  3 frilled lizards
  10 kobolds
  3 rats
168 creatures vanquished.

Vanquished Creatures (others)
  2 fungi (D:1)
  3 plants (D:1)
5 creatures vanquished.

Grand Total: 173 creatures vanquished

Notes
Turn   | Place    | Note
-------+----------+-------------------------------------------
     0 | D:1      | doricub5 the Minotaur Berserker began the quest for the
                  | Orb.
     0 | D:1      | Reached XP level 1. HP: 19/19 MP: 0/0
   146 | D:1      | Reached skill level 4 in Fighting
   149 | D:1      | Reached XP level 2. HP: 27/27 MP: 1/1
   150 | D:1      | Found a faded altar of an unknown god.
   590 | D:1      | Reached XP level 3. HP: 33/34 MP: 2/2
   590 | D:1      | Reached ** piety under Trog
  1124 | D:2      | Noticed Robin
  1142 | D:2      | Killed Robin
  1143 | D:2      | Reached skill level 5 in Fighting
  1143 | D:2      | Reached XP level 4. HP: 28/42 MP: 3/3
  1921 | D:3      | Reached XP level 5. HP: 48/48 MP: 4/4
  2675 | D:4      | Reached *** piety under Trog
  2797 | D:4      | Reached skill level 6 in Fighting
  3047 | D:4      | Reached skill level 1 in Maces & Flails
  3047 | D:4      | Reached XP level 6. HP: 36/58 MP: 5/5
  3279 | D:4      | Noticed Blork the orc
  3287 | D:4      | Killed Blork the orc
  3488 | D:4      | Found Kaudineomp's Assorted Antiques.
  3513 | D:4      | Reached skill level 7 in Fighting
  3513 | D:4      | Reached skill level 5 in Armour
  3513 | D:4      | Reached XP level 7. HP: 51/66 MP: 6/6
  3776 | D:4      | Found a runed translucent door.
  3779 | D:4      | Noticed mikeman1090's ghost (amateur MfIE)
  3787 | D:4      | Killed mikeman1090's ghost
  3927 | D:4      | Bought a metallic silvery potion for 27 gold pieces
  3927 | D:4      | Bought a scroll labelled NUXKUN EQUGH for 30 gold pieces
  3927 | D:4      | Bought a fizzy white potion for 27 gold pieces
  4070 | D:5      | Entered Level 5 of the Dungeon
  4183 | D:5      | Reached **** piety under Trog
  4184 | D:5      | Reached skill level 8 in Fighting
  4377 | D:5      | Noticed Pikel
  4396 | D:5      | Killed Pikel
  4397 | D:5      | Reached skill level 9 in Fighting
  4397 | D:5      | Reached XP level 8. HP: 42/78 MP: 7/7
  4731 | D:5      | Reached skill level 5 in Maces & Flails
  4988 | D:5      | Found a staircase to the Ecumenical Temple.
  5063 | D:5      | Noticed Edmund
  5118 | D:5      | Killed Edmund
  5455 | D:5      | Reached skill level 10 in Fighting
  5543 | D:5      | Found a runed translucent door.
  5547 | D:5      | Noticed blackman's ghost (weakling DsDe)
  5553 | D:5      | Killed blackman's ghost
  5824 | D:5      | Noticed Menkaure
  5829 | D:5      | Killed Menkaure
  6035 | D:6      | Reached XP level 9. HP: 51/86 MP: 8/8
  6207 | D:6      | Found a snail-covered altar of Cheibriados.
  6337 | D:6      | Gained mutation: Your spells are a little harder to cast,
                  | but a little more powerful. [potion of mutation]
  6337 | D:6      | Gained mutation: Your body sometimes deteriorates upon
                  | taking damage. [potion of mutation]
  6337 | D:6      | Gained mutation: Your body often deteriorates upon taking
                  | damage. [potion of mutation]
  6337 | D:6      | Gained mutation: Your system is resistant to poisons.
                  | (rPois) [potion of mutation]
  6810 | D:6      | Found a runed translucent door.
  6811 | D:6      | Noticed Crazy Yiuf
  6819 | D:6      | Killed Crazy Yiuf
  7203 | D:7      | Reached skill level 11 in Fighting
  7259 | D:6      | HP: 3/89 [killer bee (7)]
  7260 | D:6      | Slain by a killer bee

Illustrated notes

Levels and vault maps discovered:
D:1:      nicolae_arrival_somewhat_less_tricky_arrival, layout_basic,
          dreamdust_ecumenical_altar_grove
D:2:      layout_basic, minmay_misc_feat_rugged, uniq_robin
D:3:      layout_basic
D:4:      layout_loops_corners, serial_shops,
          nicolae_shop_temple_entry_statues_fountains, ebering_ghost_sewer_d,
          uniq_blork_the_orc
D:5:      layout_loops_corners, minmay_temple_entry_stoned_glass,
          ebering_ghost_reflecting_pool, uniq_menkaure, uniq_edmund, uniq_pikel
D:6:      layout_basic, mainiacjoe_overflow_alcove_1, uniq_crazy_yiuf_cottage
D:7:      kennysheep_kobold_camp, layout_cave_pools, old_standard_altar,
          grunt_ministairs_12, minmay_between

Skill      XL: |  1  2  3  4  5  6  7  8  9 |
---------------+----------------------------+-----
Fighting       | 4 5 6 7 9 10 11 | 11.1
Axes           | 4 |  4.9
Armour         | 3 4 5 6 7 |  7.9
Maces & Flails | 1 2 4 5 6 |  6.4
Dodging        | |  2.1
Evocations     | |  0.6

Action                   |  1- 3 |  4- 6 |  7- 9 || total
-------------------------+-------+-------+-------++-------
Melee: Hand axe          |   104 |    92 |       ||   196
       Headbutt          |    21 |    25 |    31 ||    77
       Punch             |     1 |     3 |       ||     4
       Morningstar       |       |    41 |   149 ||   190
       Unarmed           |       |       |     2 ||     2
Throw: Throwing net      |       |     1 |       ||     1
Invok: Trog's Hand       |     1 |       |     1 ||     2
       Berserk           |     1 |       |       ||     1
  Use: Scroll            |       |     7 |     3 ||    10
       Potion            |       |       |     1 ||     1
Armor: Chain mail        |    61 |    57 |    79 ||   197
Dodge: Dodged            |    59 |    57 |    88 ||   204
